 Dungeon Crawl Stone Soup version 0.28.0-45-g0d030f2227 (webtiles) character file.

Game seed: 12526569449666025158

49431 jimonade the Eclecticist (level 14, 0/102 HPs)
             Began as a Djinni Fire Elementalist on Apr 8, 2022.
             Was an Elder of the Shining One.
             Slain by an eight-headed hydra (10 damage)
             ... on level 10 of the Dungeon.
             The game lasted 02:07:40 (21259 turns).

jimonade the Eclecticist (DjFE)                    Turns: 21259, Time: 02:07:41

Health: 0/102      AC: 17    Str:  9    XL:     14   Next: 92%
Gold:   1150       EV:  4    Int: 24    God:    the Shining One [****..] SH: 19 Dex: 15

rFire   + + .      SeeInvis .   U - +8 hand axe of the Forest {freeze, +Blink Int+5}
rCold   x . .      Faith    +   P - +0 kite shield
rNeg    + + .      Spirit   .   Q - +3 chain mail
rPois   ∞          Reflect  .   n - +1 hat
rElec   .          Harm     .   (no cloak)
rCorr   .          Rampage  .   T - +2 pair of gloves
Will    ++...                   (boots unavailable)
Stlth   ..........              m - amulet of faith
HPRegen 0.27/turn               a - ring of willpower
MPRegen 0.00/turn               u - ring of wizardry

@: divinely shielded, flying, glowing
A: sickness immunity, fire resistance 2, cold vulnerability 1, float, innate
caster, HP casting, extra vitality 1
a: Renounce Religion, Evoke Blink, Divine Shield, Cleansing Flame


You were on level 10 of the Dungeon.
You worshipped the Shining One.
The Shining One was greatly pleased with you.
You visited 2 branches of the dungeon, and saw 17 of its levels.
You also visited: Sewer, Ossuary and Volcano.

You collected 1150 gold pieces.

Inventory:

Hand Weapons
 t - the +4 trident "Fapason" {vorpal, rPois rCorr Int+3}
   (You found it on level 3 of the Dungeon)

   It inflicts extra damage upon your enemies.
   Int:       It affects your intelligence (+3).
   rPois:     It protects you from poison.
   rCorr:     It protects you from acid and corrosion.
 U - the +8 hand axe of the Forest (weapon) {freeze, +Blink Int+5}
   (You found it on level 7 of the Dungeon)

   It freezes those it strikes, dealing additional cold damage.
   It can also slow down cold-blooded creatures.
   Int:       It affects your intelligence (+5).
   +Blink:    It lets you blink.
Missiles
 l - 2 curare-tipped darts
 N - 6 atropa-tipped darts
 S - 10 throwing nets
Armour
 n - a +1 hat (worn)
 p - a +1 robe of cold resistance
 q - a +0 troll leather armour {Pargi}
 G - the +1 ring mail "Dyxt" {rN+ Dex+6}
   (You found it on level 5 of the Dungeon)

   Dex:       It affects your dexterity (+6).
   rN:        It protects you from negative energy.
 P - a +0 kite shield (worn)
 Q - a +3 chain mail (worn)
 T - a +2 pair of gloves (worn)
Magical Staves
 i - a staff of air
 s - a staff of conjuration
 F - a staff of earth
 Z - a staff of poison
Jewellery
 a - a ring of willpower (left hand)
 m - an amulet of faith (around neck)
 o - a ring of ice
 u - a ring of wizardry (right hand)
 x - a ring of resist corrosion
 E - a ring of willpower
 L - a +6 ring of strength
 W - a ring of protection from cold
Wands
 b - a wand of polymorph (4)
 H - a wand of digging (11)
 J - a wand of iceblast (11)
 R - a wand of acid (17)
 Y - a wand of flame (23)
Scrolls
 f - a scroll of holy word {unknown}
 g - 4 scrolls of identify
 h - a scroll of silence {unknown}
 v - 3 scrolls of immolation
 y - 2 scrolls of fog
 C - a scroll of amnesia
 D - 5 scrolls of teleportation
 I - 8 scrolls of fear
 K - 5 scrolls of blinking
 O - a scroll of enchant weapon
 X - a scroll of magic mapping {unknown}
Potions
 c - 2 potions of might
 d - 6 potions of brilliance
 j - 3 potions of heal wounds
 k - 5 potions of invisibility
 r - 3 potions of mutation {unknown}
 w - 7 potions of ambrosia
 z - 6 potions of curing
 A - 2 potions of resistance
 B - a potion of berserk rage {unknown}
 M - 2 potions of flight {unknown}
 V - a potion of haste
Miscellaneous
 e - a phantom mirror


   Skills:
 * Level 9.7 Fighting
 * Level 0.9(1.0) Axes
 + Level 0.6(1.0) Polearms
 + Level 0.3(0.5) Staves
 + Level 5.2 Armour
 + Level 6.6 Dodging
 - Level 1.5 Stealth
 + Level 5.5 Shields
 + Level 15.0 Spellcasting
 + Level 8.4 Invocations


You had 12 spell levels left.
You knew the following spells:

 Your Spells              Type           Power      Damage    Failure   Level
a - Foxfire               Conj/Fire      100%       2x1d9     1%          1
b - Scorch                Fire           100%       2d10      1%          2
c - Conjure Flame         Conj/Fire      74%        6-21      1%          3
d - Inner Flame           Hex/Fire       74%        N/A       1%          3
e - Flame Wave            Conj/Fire      74%        2d13      6%          4
f - Freeze                Ice            100%       1d11      1%          1
g - Ensorcelled Hibernat  Hex/Ice        100%       N/A       1%          2
h - Ignite Poison         Fire/Tmut/Pois 74%        N/A       1%          3
i - Portal Projectile     Hex/Tloc       100%       N/A       1%          3
j - Petrify               Tmut/Erth      74%        N/A       6%          4
k - Agony                 Necr           74%        N/A       16%         5
Your spell library was empty.

Dungeon Overview and Level Annotations

Branches:
Dungeon (11/15)            Temple (0/1) D:5            Lair (6/6) D:10
 Shoals (0/4) Lair:4        Snake (0/4) Lair:4        Slime (0/5) Lair:5
    Orc (0/2) D:10          Sewer (visited)         Ossuary (visited)
Volcano (visited)

Altars:
Ashenzari
Dithmenos
Elyvilon
Fedhas
Nemelex Xobeh
Okawaru
Qazlal
Ru
Sif Muna
Trog
Vehumet
Xom
Yredelemnul
The Shining One

Shops:
D:3 *   D:4 [

Portals:
Ice
Cave: D:11

Annotations:
D:7 2 runed translucent doors, pkoi's ghost, novice DgCj
Lair:1 exclusion: oklob plant


Innate Abilities, Weirdness & Mutations

You are immune to sickness and miasma.
You are immune to poison.
Your flesh is very heat resistant. (rF++)
You are vulnerable to cold. (rC-)
You float through the air rather than walking.
You learn spells naturally, not from books.
Your magical power is your life essence.
You have superior vitality. (+4 MHP)


Message History

You block the eight-headed hydra's attack.
The eight-headed hydra bites you.
Casting: Freeze (safe; 1% risk of failure)
Confirm with . or Enter, or press ? or * to list all spells.
Aiming: Freeze (safe; 1% risk of failure)
Press: ? - help, Shift-Dir - straight line, f/p - eight-headed hydra
Aim: an eight-headed hydra (heavily wounded, more vulnerable to fire, haloed)
You freeze the eight-headed hydra.
The eight-headed hydra is heavily wounded.
The eight-headed hydra bites you!
The eight-headed hydra bites you but does no damage. x2
The eight-headed hydra bites you!
* * * LOW HITPOINT WARNING * * *
The eight-headed hydra bites you but does no damage.
You block the eight-headed hydra's attack.
The eight-headed hydra bites you but does no damage.
You block the eight-headed hydra's attack.
Casting: Freeze (safe; 1% risk of failure)
Confirm with . or Enter, or press ? or * to list all spells.
Aiming: Inner Flame (safe; 1% risk of failure)
Press: ? - help, Dir - move target, f/p - eight-headed hydra
Aim: an eight-headed hydra (heavily wounded, more vulnerable to fire, haloed, chance to affect: 82%)
Okay, then.
Unknown command.
Casting: Inner Flame (safe; 1% risk of failure)
Confirm with . or Enter, or press ? or * to list all spells.
Aiming: Petrify (dangerous; 6% risk of failure)
Press: ? - help, Shift-Dir - straight line, f/p - eight-headed hydra
Aim: an eight-headed hydra (heavily wounded, more vulnerable to fire, haloed, chance to affect: 48%)
The eight-headed hydra resists with some effort.
* * * LOW HITPOINT WARNING * * *
The eight-headed hydra bites you.
* * * LOW HITPOINT WARNING * * *
You block the eight-headed hydra's attack. x2
The eight-headed hydra barely misses you.
You block the eight-headed hydra's attack.
The eight-headed hydra bites you.
* * * LOW HITPOINT WARNING * * *
The eight-headed hydra bites you!
You die...

................##
.................#
.................#
.................#
.................#
.................#
................##
#...............##
#########.#####D@#
# ##.# #### ###
#..# ..### #.##
#...# ##.#
###.###..# #
#...#D##### #
###.#.....#
#####..).>..#


You could see an eight-headed hydra (combustible).

Vanquished Creatures
  Gastronok (Lair:1)
  Kirke (Lair:4)
  3 hydras (Lair:5)
  Harold (Lair:1)
  Fannar (Lair:1)
  A death knight (D:8)
  A two-headed ogre (D:8)
  A catoblepas (Lair:2)
  Urug (Lair:3)
  4 death yaks (Lair:3)
  Sonja (Lair:1)
  Nergalle (Lair:1)
  A toenail golem (Volcano)
  4 black mambas
  23 elephants
  2 molten gargoyles (Volcano)
  8 cane toads
  A torpor snail (Lair:3)
  An unseen horror (D:7)
  2 efreet
  2 rime drakes (Lair:3)
  9 komodo dragons
  A kobold demonologist (D:9)
  A troll (D:9)
  2 polar bears
  A merfolk (Lair:4)
  A queen bee (D:10)
  5 slime creatures
  15 blink frogs
  8 dream sheep
  2 wyverns
  17 yaks
  Eustachio (D:6)
  A wraith (D:11)
  5 basilisks
  A fire elemental (D:10)
  A steam dragon (D:9)
  6 hogs
  3 vampire mosquitoes (D:10)
  Grum (D:7)
  An acid dragon (D:10)
  16 water moccasins
  Pargi (Sewer)
  An ice beast (D:6)
  2 black bears (Lair:4)
  4 ogres (D:5)
  4 orc warriors
  A hornet zombie (D:6)
  3 necrophages
  2 sky beasts
  15 wolves
  4 centaurs
  A phantom (D:4)
  14 kobold brigands (D:9)
  11 bullfrogs
  4 scorpions
  6 gnoll sergeants
  28 killer bees
  5 howler monkeys
  6 electric eels
  A bullfrog zombie (D:7)
  A crimson imp (D:3)
  6 centaur zombies
  10 hounds
  2 jellies
  3 orc priests
  2 gnoll shamans (D:7)
  5 iguanas
  A bullfrog skeleton (D:5)
  A centaur skeleton (D:7)
  5 orc wizards
  3 killer bee zombies
  13 mummies (Ossuary)
  24 gnolls
  5 adders
  A river rat (D:3)
  A shadow imp (D:6)
  2 white imps
  A worm (D:3)
  A dart slug (D:1)
  24 orcs
  20 endoplasms
  5 giant cockroaches
  11 goblins
  4 hobgoblins
  3 quokkas (D:3)
  5 ball pythons
  9 bats
  3 frilled lizards
  3 gnoll skeletons (Ossuary)
  2 goblin skeletons
  A goblin zombie (D:3)
  A hobgoblin zombie (D:3)
  16 kobolds
  4 kobold skeletons
  2 orc skeletons
  5 rats
  11 rat skeletons (Ossuary)
  A spectral orc (D:3)
  A bush (D:1)
490 creatures vanquished.

Vanquished Creatures (collateral kills)
  8 foxfires
8 creatures vanquished.

Vanquished Creatures (others)
  A bush (Lair:3)
  A fire vortex (Volcano)
  706 foxfires
  48 fungi
  65 plants
  11 toadstools (D:4)
832 creatures vanquished.

Grand Total: 1330 creatures vanquished

Notes
Turn   | Place    | Note
-------+----------+-------------------------------------------
     0 | D:1      | jimonade the Djinni Fire Elementalist began the quest for
                  | the Orb.
     0 | D:1      | Reached XP level 1. HP: 15/15 MP: 0/0
   255 | D:1      | Reached XP level 2. HP: 19/21 MP: 0/0
   411 | D:1      | Found a faded altar of an unknown god.
   547 | D:1      | Reached skill level 3 in Spellcasting
   919 | D:1      | Reached XP level 3. HP: 17/26 MP: 0/0
   919 | D:1      | Learned a level 1 spell: Freeze
  1990 | D:2      | Found a white marble altar of Elyvilon.
  2489 | D:2      | Reached XP level 4. HP: 28/31 MP: 0/0
  2553 | D:3      | Reached skill level 1 in Fighting
  2574 | D:3      | Found a glowing drain.
  2583 | Sewer    | Entered a sewer
  2920 | Sewer    | Noticed Pargi
  2933 | Sewer    | Killed Pargi
  2934 | Sewer    | Reached skill level 4 in Spellcasting
  2934 | Sewer    | Reached XP level 5. HP: 31/37 MP: 0/0
  2934 | Sewer    | Learned a level 2 spell: Ensorcelled Hibernation
  3125 | D:3      | Identified the +4 trident "Fapason" {vorpal, rPois rCorr
                  | Int+3}
  3211 | D:3      | Found Himeev's Assorted Antiques.
  3247 | D:3      | Found a sacrificial altar of Ru.
  3247 | D:3      | Found a sparkling altar of Nemelex Xobeh.
  3396 | D:3      | Found a glowing golden altar of the Shining One.
  3429 | D:3      | Reached XP level 6. HP: 40/43 MP: 0/0
  3556 | D:3      | Found a basalt altar of Yredelemnul.
  4007 | D:4      | Noticed a necrophage
  4012 | D:4      | Killed a necrophage
  4013 | D:4      | Reached skill level 5 in Spellcasting
  4023 | D:4      | Reached XP level 7. HP: 49/49 MP: 0/0
  4023 | D:4      | Learned a level 3 spell: Ignite Poison
  4183 | D:3      | Became a worshipper of the Shining One
  4373 | D:4      | Found Biforigy's Antique Armour Shop.
  4526 | D:4      | Found a shadowy altar of Dithmenos.
  4895 | D:4      | Found a shimmering altar of Xom.
  5328 | D:4      | Reached skill level 1 in Armour
  5406 | D:5      | Entered Level 5 of the Dungeon
  5428 | D:5      | Identified the +1 ring mail "Dyxt" {rN+ Dex+6}
  5445 | D:5      | Reached skill level 6 in Spellcasting
  5457 | D:5      | Reached XP level 8. HP: 17/55 MP: 0/0
  5710 | D:5      | Noticed a yak
  5710 | D:5      | Noticed a yak
  5710 | D:5      | Noticed a yak
  5710 | D:5      | Noticed a yak
  5720 | D:5      | Killed a yak
  5721 | D:5      | Killed a yak
  5722 | D:5      | Reached skill level 7 in Spellcasting
  5723 | D:5      | Killed a yak
  5761 | D:5      | Killed a yak
  5762 | D:5      | Reached XP level 9. HP: 28/61 MP: 0/0
  5762 | D:5      | Learned a level 3 spell: Portal Projectile
  5800 | D:5      | Found a staircase to the Ecumenical Temple.
  5994 | D:5      | Reached skill level 8 in Spellcasting
  6051 | D:5      | Found an iron altar of Okawaru.
  6223 | D:5      | Reached * piety under the Shining One
  7004 | D:6      | Reached skill level 9 in Spellcasting
  7133 | D:6      | Noticed Eustachio
  7156 | D:6      | Killed Eustachio
  7157 | D:6      | Reached XP level 10. HP: 61/68 MP: 0/0
  7161 | D:6      | Found a sand-covered staircase.
  7171 | Ossuary  | Entered an ossuary
  7173 | Ossuary  | Reached ** piety under the Shining One
  7245 | Ossuary  | Reached *** piety under the Shining One
  7372 | Ossuary  | Reached **** piety under the Shining One
  8544 | D:5      | Reached skill level 10 in Spellcasting
  8913 | D:7      | Found a large runed translucent door.
  8913 | D:7      | Found a large runed translucent door.
  8914 | D:7      | Noticed pkoi's ghost (novice DgCj)
  8922 | D:7      | Found a blossoming altar of Fedhas.
  8936 | D:7      | Found a broken altar of Ashenzari.
  8937 | D:7      | Noticed an unseen horror
  8942 | D:7      | Killed an unseen horror
  9178 | D:7      | Identified the +8 hand axe of the Forest {freeze, +Blink
                  | Int+5}
  9246 | D:7      | Noticed Grum
  9255 | D:7      | Killed Grum
  9256 | D:7      | Reached skill level 5 in Fighting
  9569 | D:7      | Reached ***** piety under the Shining One
 10112 | D:8      | Reached XP level 11. HP: 75/75 MP: 0/0
 10112 | D:8      | Learned a level 4 spell: Petrify
 10115 | D:8      | Reached skill level 1 in Invocations
 10320 | D:8      | Reached skill level 11 in Spellcasting
 10501 | D:8      | Noticed a death knight
 10512 | D:8      | Killed a death knight
 11018 | D:9      | Noticed a two-headed ogre
 11047 | D:8      | Killed a two-headed ogre
 11750 | D:9      | Reached skill level 1 in Shields
 11845 | D:9      | Reached skill level 12 in Spellcasting
 11994 | D:10     | Entered Level 10 of the Dungeon
 12285 | D:10     | Found a staircase to the Orcish Mines.
 12315 | D:10     | Found a stormy altar of Qazlal.
 12329 | D:10     | Reached XP level 12. HP: 80/84 MP: 0/0
 12537 | D:10     | Found a staircase to the Lair.
 12758 | Lair:1   | Entered Level 1 of the Lair of Beasts
 12764 | Lair:1   | Found a dark tunnel.
 12771 | Volcano  | Entered a volcano
 13000 | D:10     | HP: 4/84 [cane toad (8)]
 13001 | D:10     | HP: 1/84 [fire elemental (4)]
 13001 | D:10     | The Shining One protects you from harm!
 13200 | Lair:1   | Reached skill level 5 in Dodging
 13348 | Lair:1   | Noticed Sonja
 13362 | Lair:1   | Killed Sonja
 13438 | Lair:1   | Noticed Harold
 13446 | Lair:1   | Killed Harold
 13447 | Lair:1   | Reached skill level 5 in Invocations
 13574 | Lair:1   | Found a bloodstained altar of Trog.
 13591 | Lair:1   | Noticed Gastronok
 13614 | Lair:1   | Killed Gastronok
 13829 | Lair:1   | Noticed Nergalle
 13842 | Lair:1   | Killed Nergalle
 13843 | Lair:1   | Reached skill level 13 in Spellcasting
 14067 | Lair:1   | Noticed Fannar
 14076 | Lair:1   | Killed Fannar
 14435 | Lair:2   | Noticed a catoblepas
 14459 | Lair:2   | The Shining One protects you from harm!
 14462 | Lair:2   | Killed a catoblepas
 14463 | Lair:2   | Reached XP level 13. HP: 7/92 MP: 0/0
 14463 | Lair:2   | Learned a level 5 spell: Agony
 16148 | Lair:3   | Noticed Urug
 16193 | Lair:3   | Killed Urug
 16614 | Lair:3   | Reached skill level 14 in Spellcasting
 16711 | Lair:4   | Reached XP level 14. HP: 61/99 MP: 0/0
 16792 | Lair:4   | Noticed Kirke
 16801 | Lair:4   | Killed Kirke
 17035 | Lair:4   | Found a staircase to the Shoals.
 17126 | Lair:4   | Reached skill level 5 in Armour
 17834 | Lair:4   | Found a staircase to the Snake Pit.
 18189 | Lair:5   | Reached skill level 5 in Shields
 18807 | Lair:5   | Found a staircase to the Slime Pits.
 19290 | Lair:6   | Entered Level 6 of the Lair of Beasts
 19749 | Lair:6   | Reached skill level 15 in Spellcasting
 20548 | D:11     | Found a frozen archway.
 21259 | D:10     | Slain by an eight-headed hydra

Illustrated notes

Levels and vault maps discovered:
D:1:      minmay_arrival_nine_rooms, layout_loops_ring,
          hellmonk_ecumenical_altar_pennies_from_heaven, serial_forest,
          infiniplex_forest_clump_curved, infiniplex_forest_lined_3,
          infiniplex_forest_lined_3_way, infiniplex_forest_straight_3,
          infiniplex_forest_clump_medium, infiniplex_forest_clump_small,
          infiniplex_forest_lined_room_, infiniplex_forest_corner_1,
          nrook_mini_vaults
D:2:      layout_loops_ring, basic_altar, kennysheep_generic_room_14
D:3:      layout_basic, nicolae_tso_besieged_by_evil,
          yredelemnul_forgotten_temple_becter,
          chequers_temple_overflow_statue_of_worship, serial_shops,
          nicolae_shop_competitors_out_of_business, gup_sewer_entry_bubbles
D:4:      cheibrodos_fertilizer, layout_basic,
          grunt_dithmenos_smoke_and_mirrors, general_overflow_altar,
          serial_shops, shop_statue, serial_bayou_pond_e, serial_bayou_ford_a
D:5:      layout_loops_cross, okawaru_ov_weapons_minmay,
          minmay_temple_entry_purple_smoke, mrwooster_statue_mirror,
          lightli_corner_chamber
D:6:      layout_basic, enter_ossuary_1, sword_in_stone
D:7:      layout_cave_pools, fedhas_altar_3, mainiacjoe_overflow_tiny_flanked,
          ebering_ghost_disaster_area, serial_gnoll_camp, gnoll_camp_medium_01,
          gnoll_camp_mini_loothouse, gnoll_camp_mini_sergeant,
          gnoll_camp_mini_hut, grums_kennel, kennysheep_generic_room_8
D:8:      layout_loops_ring, serial_glass, glass_columns_a, glass_columns_a,
          minmay_three_doors
D:9:      layout_cave_pools, special_room [special_room_kobold], enter_bailey_3,
          uniq_grum
D:10:     layout_rooms, nicolae_vehumet_altar_sigil, overflow_temple_1_default,
          lair_entry_dummy, orc_0_dummy, special_room [special_room_bee]
D:11:     layout_basic, portal_ice_cave_entry_pillars_1,
          hellmonk_guarded_unrand_staff_of_battle
Lair:1:   layout_cave_pods, nicolae_volcano_entry_lava_flow, lemuel_oklob_altar,
          uniq_harold, uniq_gastronok, uniq_sonja, uniq_fannar, uniq_nergalle
Lair:2:   layout_loops_ring, serial_bayou_shore_a
Lair:3:   layout_regular_city, nicolae_lair_grove_arrangements,
          serial_bayou_lake_a, lemuel_fruit_tree, uniq_urug
Lair:4:   layout_cellular_growth, elwin_shoals_entry_rooms, dummy_snake_entry,
          gammafunk_lair_bear_cave, grunt_megastairs_5, uniq_kirke
Lair:5:   layout_small_grid, slime_dummy
Lair:6:   grunt_lair_end_beastmaster, layout_regular_city

Skill      XL: |  1  2  3  4  5  6  7  8  9 10 11 12 13 14 |
---------------+-------------------------------------------+-----
Spellcasting   | 3 4 5 6 7 9 10 12 13 14 15 | 15.0
Fighting       | 1 2 3 4 5 6 7 8 9 |  9.7
Armour         | 1 2 3 4 5 |  5.2
Dodging        | 3 4 5 6 |  6.6
Invocations    | 4 5 7 8 |  8.4
Shields        | 1 2 4 5 |  5.5
Axes           | |  0.9
Polearms       | |  0.6
Staves         | |  0.3
Stealth        | |  1.5

Action                   |  1- 3 |  4- 6 |  7- 9 | 10-12 | 13-15 || total
-------------------------+-------+-------+-------+-------+-------++-------
Melee: Hand axe          |   172 |     1 |       |       |    29 ||   202
       Whip              |     1 |       |       |       |       ||     1
       Punch             |     2 |       |       |       |       ||     2
       Staff             |       |       |     6 |     3 |    17 ||    26
       Trident           |       |       |       |     9 |       ||     9
 Cast: Foxfire           |    48 |    91 |    97 |    91 |   107 ||   434
       Freeze            |       |     2 |     7 |    45 |    31 ||    85
       Flame Wave        |       |       |     7 |    63 |    57 ||   127
       Scorch            |       |       |    43 |   180 |   187 ||   410
       Conjure Flame     |       |       |     3 |     9 |     1 ||    13
       Ensorcelled Hiber |       |       |     1 |     4 |       ||     5
       Inner Flame       |       |       |       |     2 |     2 ||     4
       Petrify           |       |       |       |     2 |    32 ||    34
Invok: Divine Shield     |       |       |       |    16 |    14 ||    30
  Use: Scroll            |       |     3 |     2 |    17 |       ||    22
       Potion            |       |       |       |     6 |     2 ||     8
Armor: Robe              |    18 |       |       |       |       ||    18
       Troll leather arm |       |     1 |    19 |    60 |    68 ||   148
       Chain mail        |       |       |       |       |    71 ||    71
Dodge: Dodged            |    28 |    13 |    45 |   119 |   166 ||   371
Block: Kite shield       |       |       |       |    94 |   324 ||   418
       Buckler           |       |       |       |     1 |       ||     1
